 Dungeon Crawl Stone Soup version 0.21.1-1-g345015fe64 (webtiles) character file.

91170 Oravi the Spry (level 16, -11/129 HPs)
             Began as a Merfolk Transmuter on May 3, 2018.
             Was a High Priest of Okawaru.
             Shot with a bolt by a yaktaur captain (17 damage)
             ... on level 15 of the Dungeon.
             The game lasted 03:00:05 (31088 turns).

Oravi the Spry (Merfolk Transmuter)                Turns: 31088, Time: 03:00:06

Health: -11/129    AC: 15    Str: 12    XL:     16   Next: 2%
Magic:  23/30      EV: 32    Int: 18    God:    Okawaru [*****.]
Gold:   2200       SH:  4    Dex: 20    Spells: 13/36 levels left

rFire    + . .     SeeInvis .     - Unarmed
rCold    . . .     Gourm    .   (shield currently unavailable)
rNeg     . . .     Faith    .   i - +2 leather armour {rF+}
rPois    +         Spirit   .   G - +1 hat
rElec    .         Reflect  +   u - +0 cloak of the Harvest {Dex+4}
rCorr    .         Harm     .   (gloves currently unavailable)
MR       +....                  (no boots)
Stlth    +++.......             H - +4 amulet of reflection
HPRegen  0.31/turn              W - ring of poison resistance
MPRegen  0.22/turn              z - +3 ring of evasion

@: icy armour, blade hands, heroism, slow
A: change form in water, swift swim, stealthy swim, strong 1, evolution 2
a: End Transformation, Heroism, Finesse, Renounce Religion


You were on level 15 of the Dungeon.
You worshipped Okawaru.
Okawaru was extremely pleased with you.
You were hungry.
You had blades for hands.
You visited 3 branches of the dungeon, and saw 22 of its levels.

You collected 2234 gold pieces.
You spent 34 gold pieces at shops.

Inventory:

Missiles
 a - 292 arrows
 g - 10 tomahawks
 w - 50 stones (quivered)
Armour
 f - a +2 buckler
 i - a +2 leather armour of fire resistance (worn)
 u - the +0 cloak of the Harvest (worn) {Dex+4}
   (You found it on level 4 of the Lair of Beasts)

   It affects your dexterity (+4).
 G - a +1 hat (worn)
 P - a +1 pair of gloves of archery (melded)
Magical Staves
 b - an uncursed staff of wizardry (melded)
 x - an uncursed staff of air
 y - an uncursed staff of summoning
Jewellery
 m - an uncursed ring of wizardry
 t - an uncursed ring of resist corrosion
 z - a +3 ring of evasion (right scythe-like blade)
 H - a +4 amulet of reflection (around neck)
 L - an uncursed ring of positive energy
 N - an uncursed amulet of the gourmand
 O - an uncursed ring of fire
 Q - an uncursed ring of protection from cold
 W - a ring of poison resistance (left scythe-like blade)
Wands
 h - a wand of enslavement (16)
 l - a wand of random effects (14)
 o - a wand of scattershot (7)
 v - a wand of digging (42)
 C - a wand of acid (30)
 M - a wand of iceblast (9)
 X - a wand of disintegration (10)
Scrolls
 c - a scroll of amnesia
 n - a scroll of magic mapping
 p - 3 scrolls of fog
 s - 7 scrolls of remove curse
 I - 8 scrolls of teleportation
 J - 6 scrolls of fear
 S - 3 scrolls of immolation
 U - a scroll of enchant armour
 Y - a scroll of blinking
Potions
 e - 9 potions of curing
 j - a potion of ambrosia
 k - 4 potions of might
 q - a potion of agility
 r - 2 potions of brilliance
 A - 2 potions of cancellation
 B - 2 potions of berserk rage
 D - a potion of resistance
 F - 3 potions of flight
 V - a potion of haste
Miscellaneous
 K - a lightning rod (4/4)
 R - a phantom mirror
 T - a phial of floods
Comestibles
 d - 37 rations


   Skills:
 + Level 12.8(17.8) Fighting
 + Level 15.1(20.1) Dodging
 + Level 13.6(18.6) Unarmed Combat
 + Level 10.6 Spellcasting
 - Level 6.0 Charms
 - Level 14.0 Transmutations
 - Level 6.0 Ice Magic
 + Level 5.1 Earth Magic
 - Level 3.1 Poison Magic
 + Level 4.3 Invocations


You had 13 spell levels left.
You knew the following spells:

 Your Spells              Type           Power        Failure   Level  Hunger
a - Spider Form           Tmut/Pois      #####.....   14%         3    None
b - Sticks to Snakes      Tmut           ######..     5%          2    None
c - Ice Form              Ice/Tmut       #####...     19%         4    ##.....
d - Blade Hands           Tmut           ######....   14%         5    #####..
e - Statue Form           Tmut/Erth      #####....    71%         6    ######.
f - Ozocubu's Armour      Chrm/Ice       ####....     22%         3    None


Dungeon Overview and Level Annotations

Branches:
Dungeon (15/15)            Temple (1/1) D:4            Lair (6/6) D:9
 Shoals (0/4) Lair:2        Snake (0/4) Lair:4        Slime (0/5) Lair:5
    Orc (0/2) D:11         Vaults (0/5) D:14         Depths (0/5) D:15

Altars:
Ashenzari
Cheibriados
Dithmenos
Elyvilon
Fedhas
Gozag
Hepliaklqana
Kikubaaqudgha
Makhleb
Nemelex Xobeh
Okawaru
Qazlal
Ru
Sif Muna
Trog
Uskayaw
Vehumet
Wu Jian
Xom
Yredelemnul
Zin
The Shining One
Beogh

Shops:
D:5 %   D:8 (   D:14 ?

Portals:
Trove: D:15 (give +4 fire dragon scales)

Annotations:
D:3 Tegun's ghost, amateur OgSk
D:5 test stair
D:10 fire


Innate Abilities, Weirdness & Mutations

You revert to your normal form in water.
You are very nimble and swift while swimming.
You are very stealthy in the water. (Stealth+)
Your muscles are strong. (Str +2)
You rapidly evolve.


Message History

You gain the combat prowess of a mighty hero.
The yaktaur completely misses you.
The yaktaur captain shoots a bolt.
The bolt hits you!!
You slash the yaktaur!
You kill the yaktaur!
Okawaru accepts your kill.
The yaktaur captain shoots a bolt.
The bolt hits you!!
Things that are here:
an uncursed arbalest; 27 bolts; a yaktaur corpse You are too injured to fight recklessly!
The yaktaur captain shoots a bolt.
The bolt hits you!!
* * * LOW HITPOINT WARNING * * *
You see here 3 bolts.
The yaktaur captain shoots a bolt.
The bolt hits you!!
* * * LOW HITPOINT WARNING * * *
There is an open door, spattered with blood here.
Things that are here:
a bolt; a shortbow; 16 arrows The yaktaur captain shoots a bolt.
The bolt hits you!
You die...

#.....................####
#.†#################..#
#..# #))#
#..#################..####
#.........................
#.........................
#......(..................
#..#####.################.
#..# #(@# #. #..#
####(#### #) #..#
#≈≈..(≈≈# #. #..
#≈..#.)≈############.
#.#.#.#.#............
#.≈.≈.≈.#............
#.≈...≈.#############
#.≈...≈c# #.##'##.#


You could see a yaktaur captain.

Vanquished Creatures
  A frost giant (D:14)
  The ghost of Oravi the Spry, a journeyman MfTm of Okawaru (D:12)
  3 ettins
  9 hydras
  2 vault guards
  A catoblepas (Lair:5)
  7 centaur warriors
  6 two-headed ogres
  7 skeletal warriors
  7 unseen horrors
  2 wizards (D:14)
  Pikel (D:4)
  An orc knight (D:14)
  A necromancer (D:14)
  11 ugly things
  A manticore (D:11)
  A deep elf mage (D:15)
  7 elephants
  13 cyclopes
  The ghost of Name63 the Skirmisher, a novice MiMo of the Shining One (D:6)
  Maurice (D:8)
  A gargoyle (D:10)
  12 spiny frogs
  6 black mambas (Lair:6)
  4 rime drakes
  3 efreet
  5 komodo dragons
  A yaktaur (D:15)
  A queen bee (D:9)
  3 trolls
  5 polar bears
  10 slime creatures
  Grinder (D:5)
  7 hornets
  8 blink frogs
  12 hippogriffs
  4 wraiths
  A shadow (D:14)
  A vampire (D:15)
  12 spriggans (Lair:6)
  2 water elementals (D:14)
  22 yaks
  7 wyverns
  Sigmund (D:3)
  14 humans (D:14)
  4 basilisks
  4 wargs (D:14)
  An acid dragon (D:14)
  A soldier ant (D:14)
  A swamp worm (shapeshifter) (D:14)
  12 water moccasins
  4 nagas (Lair:4)
  11 porcupines
  4 hell hounds
  9 orc warriors
  A sky beast (D:12)
  An ice beast (D:12)
  A slave (D:4)
  7 black bears
  An eye of draining (D:12)
  A hornet zombie (D:15)
  An ogre (shapeshifter) (D:15)
  2 necrophages
  34 wolves
  14 centaurs
  4 boggarts (Lair:6)
  12 ogres
  A phantom (D:4)
  9 crocodiles
  4 big kobolds
  11 bullfrogs
  Blork the orc (D:4)
  2 wyvern zombies
  2 scorpions
  18 killer bees
  4 electric eels
  4 wights (D:14)
  5 howler monkeys
  5 centaur zombies
  8 crimson imps
  5 hounds
  3 jellies
  16 orc wizards
  8 orc priests
  Ijyb (D:3)
  3 iguanas
  6 worker ants
  A killer bee zombie (D:7)
  A howler monkey zombie (D:10)
  2 worker ant zombies
  Robin (D:2)
  9 adders
  3 shadow imps
  An ooze (D:4)
  An adder zombie (D:6)
  3 worms
  3 dart slugs
  4 leopard geckos
  68 orcs
  A giant cockroach (D:1)
  9 hobgoblins
  6 jackals
  25 kobolds
  A quokka (D:10)
  3 ball pythons
  5 bats
  5 frilled lizards
  14 goblins
  6 rats
  A fungus (Lair:5)
646 creatures vanquished.

Vanquished Creatures (collateral kills)
  Gastronok (D:8)
  A vault guard (D:14)
  4 hydras
  2 ugly things (D:15)
  5 humans (D:14)
  The ghost of Freyura the Twirler, an amateur DsGl (D:4)
  An adder (D:12)
  An orc (D:6)
16 creatures vanquished.

Vanquished Creatures (others)
  A cyclops (D:15)
  A centaur skeleton (D:10)
  A wraith (D:14)
  A sky beast (D:15)
  An orc wizard (D:4)
  A leopard gecko (D:6)
  5 fungi
  3 plants
14 creatures vanquished.

Grand Total: 676 creatures vanquished

Notes
Turn   | Place    | Note
-------+----------+-------------------------------------------
     0 | D:1      | Oravi the Merfolk Transmuter began the quest for the Orb.
     0 | D:1      | Reached XP level 1. HP: 15/15 MP: 3/3
   217 | D:1      | Reached XP level 2. HP: 2/21 MP: 3/5
  1100 | D:1      | Learned a level 2 spell: Sticks to Snakes
  1104 | D:1      | Reached XP level 3. HP: 26/26 MP: 4/6
  1144 | D:1      | Learned a level 3 spell: Spider Form
  1701 | D:2      | Found an ornate altar of the Wu Jian Council.
  1776 | D:2      | Reached skill level 1 in Poison Magic
  1808 | D:2      | Reached XP level 4. HP: 29/32 MP: 1/7
  1881 | D:2      | Noticed Robin
  1967 | D:2      | Killed Robin
  2116 | D:2      | HP: 1/32 [kobold/short sword (5)]
  2633 | D:3      | Reached XP level 5. HP: 37/37 MP: 3/8
  2682 | D:3      | Found an opulent altar of Gozag.
  2750 | D:3      | Noticed Tegun's ghost (amateur OgSk)
  2979 | D:3      | Reached skill level 5 in Unarmed Combat
  2979 | D:3      | Reached skill level 5 in Transmutations
  3110 | D:3      | Noticed Ijyb
  3123 | D:3      | Killed Ijyb
  3254 | D:3      | Reached XP level 6. HP: 43/43 MP: 5/9
  3262 | D:3      | Found a stormy altar of Qazlal.
  3346 | D:3      | Reached skill level 3 in Dodging
  3618 | D:3      | Found a hide-covered altar of Uskayaw.
  3618 | D:3      | Found an opulent altar of Gozag.
  3669 | D:3      | Noticed Sigmund
  3676 | D:3      | Killed Sigmund
  3795 | D:4      | Noticed Pikel
  3796 | D:4      | Noticed a slave
  3800 | D:4      | Noticed a slave
  3800 | D:4      | Noticed a slave
  3802 | D:4      | Noticed a slave
  3817 | D:4      | Killed a slave
  3823 | D:4      | Killed Pikel
  3823 | D:4      | Reached skill level 5 in Dodging
  3823 | D:4      | Reached XP level 7. HP: 40/53 MP: 7/10
  3823 | D:4      | Reached XP level 8. HP: 45/60 MP: 7/11
  3860 | D:4      | Noticed Freyura's ghost (amateur DsGl)
  3870 | D:4      | Killed Freyura's ghost
  4181 | D:4      | Noticed Blork the orc
  4190 | D:4      | Killed Blork the orc
  4413 | D:4      | Found a staircase to the Ecumenical Temple.
  4418 | Temple   | Entered the Ecumenical Temple
  4456 | Temple   | Became a worshipper of Warmaster Okawaru
  4696 | D:5      | Entered Level 5 of the Dungeon
  4731 | D:5      | Reached skill level 6 in Dodging
  4897 | D:5      | Found Yghew's Food Boutique.
  4962 | D:5      | Noticed Grinder
  4995 | D:5      | Killed Grinder
  5081 | D:5      | Found a deep blue altar of Sif Muna.
  5109 | D:5      | Reached * piety under Okawaru
  5114 | D:5      | Identified Sif Muna's Papyrus of Blows and Bruises
  5337 | D:5      | Reached skill level 5 in Fighting
  5717 | D:6      | Noticed Name63's ghost (novice MiMo)
  5719 | D:6      | Reached XP level 9. HP: 68/68 MP: 9/13
  6062 | D:5      | Gained mutation: You are clumsy. (Dex -2) [potion of mutation]
  6062 | D:5      | Gained mutation: You tend to lose your temper in combat. [potion of mutation]
  6062 | D:5      | Gained mutation: You are somewhat resistant to further mutation. [potion of mutation]
  6356 | D:6      | Reached skill level 7 in Dodging
  6449 | D:6      | Found a snail-covered altar of Cheibriados.
  6504 | D:6      | Found a white marble altar of Elyvilon.
  6534 | D:6      | Found a sacrificial altar of Ru.
  6728 | D:6      | Killed Name63's ghost
  6876 | D:7      | Found a bloodstained altar of Trog.
  6886 | D:7      | Reached ** piety under Okawaru
  7502 | D:7      | Killed an unseen horror
  7502 | D:7      | Reached skill level 8 in Dodging
  7502 | D:7      | Reached XP level 10. HP: 77/77 MP: 14/16
  7539 | D:7      | Reached *** piety under Okawaru
  8267 | D:8      | Noticed Maurice
  8284 | D:8      | Killed Maurice
  8341 | D:8      | Noticed Gastronok
  8396 | D:8      | Killed Gastronok
  8433 | D:8      | Reached skill level 9 in Dodging
  8606 | D:8      | Found Ostrewa's Weapon Boutique.
  8615 | D:8      | Reached skill level 5 in Spellcasting
  8632 | D:8      | Reached skill level 10 in Transmutations
  8831 | D:9      | Found a staircase to the Lair.
  8999 | D:9      | Reached **** piety under Okawaru
  9030 | D:9      | Noticed a two-headed ogre
  9041 | D:9      | Killed a two-headed ogre
  9633 | D:9      | Reached XP level 11. HP: 77/84 MP: 16/19
  9655 | D:9      | Reached ***** piety under Okawaru
 10359 | D:10     | Entered Level 10 of the Dungeon
 10375 | D:10     | Reached skill level 10 in Dodging
 10425 | D:10     | Noticed a two-headed ogre
 10579 | D:9      | Killed a two-headed ogre
 10900 | D:10     | Killed an unseen horror
 11206 | D:10     | Received a gift from Okawaru
 11245 | D:9      | Learned a level 4 spell: Ice Form
 11251 | D:9      | Learned a level 5 spell: Blade Hands
 12057 | D:11     | Killed an unseen horror
 12057 | D:11     | Reached skill level 10 in Unarmed Combat
 12386 | D:11     | Found a staircase to the Orcish Mines.
 12565 | D:12     | Noticed a manticore
 12575 | D:12     | Noticed a seven-headed hydra
 12587 | D:11     | Killed a manticore
 12587 | D:11     | Reached skill level 1 in Ice Magic
 13036 | D:12     | Killed an unseen horror
 13036 | D:12     | Reached skill level 11 in Dodging
 13224 | D:12     | Noticed Oravi's ghost (journeyman MfTm)
 13305 | D:12     | Noticed a skeletal warrior
 13319 | D:12     | Killed a skeletal warrior
 13319 | D:12     | Reached XP level 12. HP: 67/95 MP: 8/22
 13439 | D:12     | Noticed an eight-headed hydra
 13567 | D:12     | Killed a seven-headed hydra
 13912 | D:12     | Killed Oravi's ghost
 14148 | D:12     | Noticed a two-headed ogre
 14166 | D:12     | Killed a two-headed ogre
 14442 | D:13     | Killed an eight-headed hydra
 14442 | D:13     | Received a gift from Okawaru
 14443 | D:13     | Got a slimy quarterstaff {god gift}
 14710 | D:13     | Reached skill level 10 in Fighting
 14751 | D:13     | Noticed a centaur warrior
 14762 | D:13     | Killed a centaur warrior
 15177 | D:13     | Noticed a six-headed hydra
 15192 | D:13     | Killed a six-headed hydra
 15192 | D:13     | Reached skill level 12 in Dodging
 15212 | D:13     | Noticed a six-headed hydra
 15225 | D:13     | Killed a six-headed hydra
 15225 | D:13     | Reached skill level 5 in Ice Magic
 15249 | D:13     | Reached XP level 13. HP: 97/103 MP: 20/24
 16087 | D:14     | Found Otzewn's Magic Scroll Shop.
 16259 | D:14     | Found a gate to the Vaults.
 16259 | D:14     | Noticed a vault guard
 16259 | D:14     | Noticed a vault guard
 16273 | D:14     | Noticed a vault guard
 16295 | D:14     | Killed a vault guard
 16311 | D:13     | Identified the +2 quarterstaff of the Hierophant {freeze, rPois MR+ Stlth+} (Okawaru gifted it to you on level 13 of the Dungeon)
 16419 | Lair:1   | Entered Level 1 of the Lair of Beasts
 17072 | Lair:2   | Received a gift from Okawaru
 17074 | Lair:2   | Got a spiked scale mail {god gift}
 17318 | Lair:2   | Identified the +9 scale mail of Focus {+Blink rF++ rC+ Str-2} (Okawaru gifted it to you on level 2 of the Lair of Beasts)
 17724 | Lair:2   | Found a staircase to the Shoals.
 18322 | Lair:3   | Reached skill level 13 in Dodging
 19292 | Lair:4   | Reached XP level 14. HP: 93/113 MP: 12/27
 19326 | Lair:4   | Got a jewelled cloak
 19360 | Lair:4   | Identified the +0 cloak of the Harvest {Dex+4} (You found it on level 4 of the Lair of Beasts)
 19364 | Lair:4   | Learned a level 3 spell: Ozocubu's Armour
 19371 | Lair:4   | Learned a level 6 spell: Statue Form
 19475 | Lair:4   | Found a staircase to the Snake Pit.
 19922 | Lair:5   | Received a gift from Okawaru
 19922 | Lair:5   | Reached skill level 1 in Charms
 20152 | Lair:5   | Reached ****** piety under Okawaru
 20523 | Lair:5   | Found a staircase to the Slime Pits.
 20669 | Lair:5   | Reached skill level 1 in Earth Magic
 21484 | Lair:6   | Entered Level 6 of the Lair of Beasts
 21521 | Lair:6   | Received a gift from Okawaru
 21542 | Lair:6   | Got a faintly humming cloak {god gift}
 21543 | Lair:6   | Identified the +2 cloak of Moral Flaws {rN++ Dex-5} (Okawaru gifted it to you on level 6 of the Lair of Beasts)
 22581 | Lair:5   | Lost mutation: You are clumsy. (Dex -2) [potion of mutation]
 22581 | Lair:5   | Lost mutation: You are somewhat resistant to further mutation. [potion of mutation]
 22581 | Lair:5   | Lost mutation: You tend to lose your temper in combat. [potion of mutation]
 22581 | Lair:5   | Gained mutation: You evolve. [potion of mutation]
 22581 | Lair:5   | Gained mutation: Your mind is acute. (Int +2) [potion of mutation]
 22581 | Lair:5   | Gained mutation: You rapidly evolve. [potion of mutation]
 22800 | Lair:6   | Lost mutation: Your mind is acute. (Int +2) [evolution]
 23484 | Lair:6   | Reached skill level 14 in Dodging
 24856 | D:13     | Received a gift from Okawaru
 25130 | D:13     | Reached XP level 15. HP: 120/120 MP: 18/28
 25423 | D:13     | Reached skill level 5 in Charms
 25677 | D:14     | Reached skill level 10 in Spellcasting
 25688 | D:14     | Reached skill level 1 in Invocations
 27229 | D:14     | Found a roughly hewn altar of Beogh.
 28008 | D:14     | Noticed a frost giant
 28015 | D:14     | Gained mutation: Your muscles are strong. (Str +2) [evolution]
 28414 | D:14     | Received a gift from Okawaru
 28702 | D:14     | Killed a frost giant
 28920 | D:14     | Found the +3 sling "Punk" {acid, rCorr}
 29007 | D:14     | Bought a scroll of identify for 34 gold pieces
 29027 | D:15     | Entered Level 15 of the Dungeon
 29591 | D:15     | Found a portal to a secret trove of treasure.
 29897 | D:15     | Reached skill level 15 in Dodging
 30930 | D:15     | Reached skill level 5 in Earth Magic
 31020 | D:15     | Reached XP level 16. HP: 110/129 MP: 18/30
 31068 | D:15     | Found a staircase to the Depths.
 31087 | D:15     | HP: 6/129 [yaktaur captain/bolt (23)]
 31088 | D:15     | Shot with a bolt by a yaktaur captain

Skill      XL: |  1  2  3  4  5  6  7  8  9 10 11 12 13 14 15 |
---------------+----------------------------------------------+-----
Transmutations | 3 4 5 6 8 9 10 11 12 13 14 | 14.0
Unarmed Combat | 4 5 6 7 8 9 10 11 12 13 | 13.6
Poison Magic   | 1 2 3 |  3.1
Dodging        | 5 6 8 9 11 12 13 14 15 | 15.1
Fighting       | 3 5 6 7 9 10 11 12 | 12.8
Spellcasting   | 4 5 6 7 9 10 | 10.6
Ice Magic      | 2 5 6 |  6.0
Charms         | 4 6 |  6.0
Earth Magic    | 3 5 |  5.1
Invocations    | 4 |  4.3

Action                   |  1- 3 |  4- 6 |  7- 9 | 10-12 | 13-15 | 16-18 || total
-------------------------+-------+-------+-------+-------+-------+-------++-------
Melee: Unarmed           |    98 |   160 |   202 |   578 |  1363 |     5 ||  2406
       Headbutt          |     8 |     4 |       |       |       |       ||    12
       Staff             |       |       |     4 |     7 |    28 |       ||    39
       Punch             |       |       |       |     1 |    17 |     1 ||    19
Throw: Stone             |     3 |       |       |       |       |       ||     3
 Cast: Beastly Appendage |    16 |     4 |       |       |       |       ||    20
       Spider Form       |     4 |    24 |    26 |    64 |    77 |       ||   195
       Sticks to Snakes  |       |     1 |    19 |    36 |    96 |       ||   152
       Ice Form          |       |       |       |     4 |    26 |       ||    30
       Blade Hands       |       |       |       |     8 |    16 |     1 ||    25
       Ozocubu's Armour  |       |       |       |       |    52 |     1 ||    53
Invok: Heroism           |       |       |       |    18 |    38 |     1 ||    57
 Abil: End Transformatio |       |       |       |     3 |    10 |       ||    13
Evoke: Wand              |       |       |     5 |       |    18 |       ||    23
  Use: Scroll            |     2 |     5 |     9 |     9 |    16 |       ||    41
       Potion            |       |     2 |     1 |     2 |     9 |       ||    14
 Stab: Sleeping          |       |       |     1 |       |       |       ||     1
       Distracted        |       |       |     2 |     2 |     2 |       ||     6
  Eat: Chunk             |     4 |    10 |    11 |    22 |    48 |       ||    95
       Ration            |       |       |     1 |     3 |     3 |       ||     7
Armor: Robe              |    16 |     7 |     1 |     2 |       |       ||    26
       Skin              |       |     5 |     8 |     7 |    74 |       ||    94
       Leather armour    |       |       |       |     7 |    44 |       ||    51
Dodge: Dodged            |    70 |   137 |   219 |   643 |  1811 |     4 ||  2884
Block: Other             |       |       |       |       |    53 |     1 ||    54
       Reflection        |       |       |       |       |    12 |       ||    12
